 Dungeon Crawl Stone Soup version 0.32-a0-18-g89e19f1974 (webtiles) character file.

Game seed: 329077922371403118

4132 Morbidden the Grappler (level 10, -7/81 HPs)
             Began as a Grey Draconian Shapeshifter on Jan 16, 2024.
             Was an Elder of Cheibriados.
             Mangled by a large slime creature (24 damage)
             ... on level 6 of the Dungeon.
             The game lasted 00:12:24 (7002 turns).

Morbidden the Grappler (DrSh)                       Turns: 7002, Time: 00:12:25

Health: -7/81      AC: 16    Str: 26    XL:     10   Next: 6%
Magic:  12/17      EV: 15    Int: 24    God:    Cheibriados [****..]
Gold:   440        SH:  0    Dex: 19    Spells: 12/18 levels left

rFire   . .          .
                       - Unarmed
rCold   . . .        (no shield)
rNeg    . . .        (body armour unavailable)
rPois   +            (helmet currently unavailable)
rElec   .            (cloak currently unavailable)
rCorr   .            (gloves currently unavailable)
SInv    .            (boots currently unavailable)
Will    +....        l - amulet of the acrobat
Stlth   ++           o - +4 ring of protection
HPRegen 0.33/turn    w - ring "Omem" {Fly rPois Will+}
MPRegen 0.15/turn

%: acrobat
@: beast-form, flying, studying Ranged Weapons, very slow
A: beast (slay +3), AC +12, amphibious, unfitting armour, cold-blooded
a: Begin Untransformation, Renounce Religion, Bend Time, Temporal Distortion,
Slouch


You were on level 6 of the Dungeon.
You worshipped Cheibriados.
Cheibriados was greatly pleased with you.
You were a hulking beast.
You visited 1 branch of the dungeon, and saw 8 of its levels.

You collected 440 gold pieces.

Inventory:

Hand Weapons
 s - a +2 dagger of venom
Missiles
 f - 4 javelins
 r - 14 boomerangs (quivered)
Armour
 m - a +0 pair of boots
 E - a +2 pair of gloves
Jewellery
 k - a ring of ice
 l - an amulet of the acrobat (around neck)
 o - a +4 ring of protection (left hand)
 t - a ring of positive energy
 w - the ring "Omem" (right hand) {Fly rPois Will+}
   (You found it on level 6 of the Dungeon)

   [ring of flight]

   rPois:     It protects you from poison Will+: It increases your willpower.
   Fly:       It grants you flight.
 C - a ring of see invisible
Talismans
 b - a beast talisman
 c - a flux talisman
 n - a storm talisman
Scrolls
 d - 4 scrolls of vulnerability
 e - a scroll of fog
 g - 6 scrolls of identify
 h - 2 scrolls of teleportation
 j - 2 scrolls of poison
 q - a scroll of revelation
 u - a scroll of enchant weapon {unknown}
 v - a scroll of immolation {unknown}
 y - a scroll of blinking {unknown}
 A - a scroll of noise {unknown}
Potions
 a - a potion of resistance {unknown}
 i - 2 potions of curing
 p - a potion of heal wounds {unknown}
 x - a potion of brilliance {unknown}
 z - a potion of berserk rage {unknown}
 B - a potion of invisibility {unknown}
 D - 3 potions of mutation {unknown}
 F - a potion of lignification


   Skills:
 * Level 5.1 Fighting
 + Level 0.3 Throwing
 * Level 4.8 Dodging
 + Level 1.9 Stealth
 * Level 8.7 Unarmed Combat
 * Level 4.7 Spellcasting
 * Level 2.3 Air Magic
 * Level 3.6 Alchemy
 * Level 4.1 Invocations
 * Level 5.3 Shapeshifting


You had 12 spell levels left.
You knew the following spells:

 Your Spells              Type           Power      Damage    Failure   Level
a - Mercury Vapours       Alch/Air       38%        N/A       4%          2
b - Olgreb's Toxic Radia  Alch           23%        N/A       21%         4

Your spell library contained the following spells:

 Spells                   Type           Power      Damage    Failure   Level
 Sting                    Conj/Alch      56%        1d6       4%          1
 Kiss of Death            Conj/Necr      20%        2d7       9%          1
 Sublimation of Blood     Necr           5%         N/A       14%         2
 Confusing Touch          Hex            5%         N/A       26%         3
 Petrify                  Alch/Erth      14%        N/A       38%         4
 Dispel Undead            Necr           5%         3d7       65%         4
 Irradiate                Conj/Alch      7%         3d14      75%         5
 Iskenderun's Battlesphe  Conj           5%         2d6       94%         5
 Bombard                  Conj/Erth      2%         9d1       100%        6
 Sculpt Simulacrum        Ice/Alch       7%         N/A       100%        6
 Ozocubu's Refrigeration  Ice            2%         4d8       100%        7
 Spellforged Servitor     Conj/Summ      2%         N/A       100%        7
 Polar Vortex             Ice            2%         N/A       100%        9


Dungeon Overview and Level Annotations

Branches:
Dungeon (8/15)             Temple (0/1) D:4
   Lair: D:8-11

Altars:
Cheibriados
Fedhas
Kikubaaqudgha
Nemelex Xobeh
Qazlal
Ru
Trog
Xom
Yredelemnul

Shops:
D:5 (

Annotations:
D:5 1 runed translucent door, paps's ghost, novice OpSh


Innate Abilities, Weirdness & Mutations

You are a hulking beast.
Your limbs bulge with bestial killing power. (Slay +3)
Your dull iron-grey scales are very hard. (AC +12)
You are amphibious.
You cannot fit into any form of body armour.
You are cold-blooded and may be slowed by cold attacks.


Message History

Unknown command.
The slime creature hits you but does no damage.
Two slime creatures merge to form a large slime creature.
A mysterious force pulls you upwards. The hatch slams shut behind you.
Unknown command.
Unknown command.
Unknown command.
Unknown command.
Unknown command.
You punch the large slime creature! You tail-slap the large slime creature!
You punch the large slime creature.
The large slime creature is lightly wounded.
Unknown command.
Unknown command.
You hit the large slime creature.
The large slime creature is moderately wounded.
A large slime creature splits.
The large slime creature hits you!
Unknown command.
You hit the large slime creature. You tail-slap the large slime creature!
The large slime creature is moderately wounded.
The slime creature hits you!
Unknown command.
Unknown command.
Activating: Slouch (28% risk of failure)
Press: ? - help, Dir - look around, f - activate You can feel time thicken for a moment.
Cheibriados lowers the support of your attributes as your movement quickens.
The large slime creature barely misses you.
The slime creature hits you!
* * * LOW HITPOINT WARNING * * *
The slime creature misses you.
Unknown command.
Unknown command.
Unknown command.
Unknown command.
Unknown command.
You punch the slime creature!
The slime creature is almost dead.
The large slime creature hits you!!
You die...

###########
#.........####################
#.#######.#...................
#.# #.#.#.......#####..... #.#
#.#<#.#####.#.....8.8. #.#
#.#.JJJ.....#.###.._.. #.#
#.#.#h#######.# #..... #.#
#.#.#.# ###.###.#.#. #.#
###.#.#.#####........... #.#
#...#.#.##......###.#.#. #.#
#.###.#.##.#.######.#.#. #.#
#...#.............#.#.#^
#.#####............####.#.#.#.
#.....#...#.#.##.### #.#.#.#.
#####.#..........# #.#.#...


You could see a large slime creature and 2 slime creatures.

Vanquished Creatures
  A two-headed ogre (D:7)
  A slime creature (D:7)
  Sigmund (D:3)
  2 water moccasins (D:6)
  A hornet zombie (D:7)
  2 ice beasts
  2 black bears
  A sky beast (D:7)
  5 centaurs
  2 ogres
  2 phantoms
  A kobold brigand (D:7)
  A bullfrog (D:6)
  A water moccasin zombie (D:7)
  5 scorpions
  A wyvern zombie (D:7)
  4 killer bees (D:7)
  A howler monkey (D:5)
  A bombardier beetle (D:5)
  3 centaur zombies (D:7)
  A bullfrog zombie (D:7)
  An orc priest (D:4)
  A gnoll bouda (D:5)
  5 hounds
  Natasha (D:4)
  7 iguanas
  2 sleepcaps
  5 orc wizards
  7 gnolls
  4 adders
  A white imp (D:5)
  4 ribbon worms
  3 dart slugs
  25 orcs
  2 bats
  8 endoplasms
  7 giant cockroaches
  9 goblins
  6 hobgoblins
  7 jackals (D:1)
  8 kobolds
  2 quokkas
  2 ball pythons
  2 frilled lizards
  6 rats
164 creatures vanquished.

Notes
Turn   | Place    | Note
-------+----------+-------------------------------------------
     0 | D:1      | Morbidden the Draconian Shapeshifter began the quest for
                  | the Orb.
     0 | D:1      | Reached XP level 1. HP: 16/16 MP: 1/1
   364 | D:1      | Reached XP level 2. HP: 23/23 MP: 2/2
   942 | D:2      | Reached XP level 3. HP: 28/28 MP: 3/3
  1230 | D:2      | Found a sacrificial altar of Ru.
  1335 | D:2      | Found a faded altar of an unknown god.
  1669 | D:3      | Reached skill level 4 in Unarmed Combat
  1774 | D:3      | Reached XP level 4. HP: 35/35 MP: 4/4
  1776 | D:3      | Noticed Sigmund
  1787 | D:3      | Killed Sigmund
  1788 | D:3      | Reached skill level 5 in Unarmed Combat
  1788 | D:3      | Reached skill level 1 in Spellcasting
  1788 | D:3      | Reached XP level 5. HP: 41/41 MP: 4/6
  2462 | D:4      | Noticed an ogre
  2477 | D:4      | Found a stormy altar of Qazlal.
  2477 | D:4      | Found a blossoming altar of Fedhas.
  2479 | D:4      | Found a sparkling altar of Nemelex Xobeh.
  2484 | D:4      | Found a snail-covered altar of Cheibriados.
  2495 | D:4      | Became a worshipper of Cheibriados the Contemplative
  2581 | D:4      | Found a staircase to the Ecumenical Temple.
  2586 | D:4      | Reached XP level 6. HP: 43/48 MP: 7/7
  2836 | D:4      | Noticed Natasha
  2855 | D:4      | Killed Natasha
  2945 | D:4      | Reached * piety under Cheibriados
  2954 | D:4      | Reached skill level 1 in Invocations
  3126 | D:4      | Your scales start taking on a dull iron-grey colour.
  3126 | D:4      | Reached XP level 7. HP: 56/56 MP: 9/9
  3280 | D:4      | Reached skill level 6 in Unarmed Combat
  3309 | D:5      | Entered Level 5 of the Dungeon
  3424 | D:5      | Found Yfuph's Hydra Hut.
  3429 | D:5      | Noticed a seven-headed hydra
  3498 | D:5      | Reached ** piety under Cheibriados
  3712 | D:5      | Reached skill level 7 in Unarmed Combat
  3712 | D:5      | Reached XP level 8. HP: 60/63 MP: 11/11
  3871 | D:5      | Found a runed translucent door.
  3878 | D:5      | Found a shimmering altar of Xom.
  4109 | D:5      | Reached skill level 1 in Stealth
  4313 | D:5      | Learned a level 2 spell: Mercury Vapours
  4726 | D:5      | Noticed paps's ghost (novice OpSh)
  4879 | D:6      | Identified the ring "Omem" {Fly rPois Will+}
  4897 | D:6      | Found an ancient bone altar of Kikubaaqudgha.
  4978 | D:6      | Reached skill level 1 in Alchemy
  5060 | D:6      | Reached *** piety under Cheibriados
  5066 | D:6      | Reached skill level 8 in Unarmed Combat
  5066 | D:6      | Reached skill level 1 in Air Magic
  5184 | D:6      | Found a bloodstained altar of Trog.
  5234 | D:6      | Reached XP level 9. HP: 68/71 MP: 13/13
  6078 | D:7      | Reached skill level 5 in Shapeshifting
  6085 | D:7      | Learned a level 4 spell: Olgreb's Toxic Radiance
  6192 | D:7      | Reached **** piety under Cheibriados
  6311 | D:7      | Noticed a two-headed ogre
  6325 | D:7      | Killed a two-headed ogre
  6646 | D:7      | Found a basalt altar of Yredelemnul.
  6664 | D:7      | Reached skill level 5 in Fighting
  6755 | D:7      | Reached XP level 10. HP: 78/81 MP: 16/16
  7002 | D:6      | Mangled by a large slime creature

Illustrated notes

Levels and vault maps discovered:
D:1:      nicolae_arrival_escape_room, layout_loops_cross
D:2:      layout_loops_ring, basic_altar,
          shapermc_ecumenical_altar_starsandcircs, minmay_statues_item,
          dk_noncrumbling_4, dreamdust_wishing_well, kennysheep_generic_room_10
D:3:      layout_basic, minivault_27, uniq_sigmund
D:4:      wad_river_or_something, layout_cave_pools,
          nicolae_overflow_macrodata_refinement,
          minmay_temple_entry_glassed_door, uniq_natasha
D:5:      minmay_octagon_keep, layout_loops_corners,
          nicolae_overflow_hidden_temple, ebering_ghost_reflecting_pool,
          skrybe_limestone_x, chequers_serial_rivers_small_a,
          doesnt_shop_hydraphobe
D:6:      layout_basic, hangedman_feature_mirror, st_stairs_13
D:7:      layout_rooms, nicolae_yredelemnul_corpse_copse
D:8:      minmay_the_grid_plus [minmay_the_grid_broken_lines,
          minmay_the_grid_slots, minmay_the_grid_armoury,
          minmay_the_grid_spikes, minmay_the_grid_prize_four_corners_diamond_a],
          layout_basic, uniq_pikel

Skill      XL: |  1  2  3  4  5  6  7  8  9 |
---------------+----------------------------+-----
Unarmed Combat | 4 5 7 8 |  8.7
Dodging        | 2 3 4 |  4.8
Fighting       | 2 3 5 |  5.1
Spellcasting   | 1 2 3 4 |  4.7
Invocations    | 1 2 4 |  4.1
Shapeshifting  | 4 5 |  5.3
Stealth        | 1 |  1.9
Alchemy        | 1 3 |  3.6
Air Magic      | 1 2 |  2.3
Throwing       | |  0.3

Action                     |  1- 3 |  4- 6 |  7- 9 | 10-12 || total
---------------------------+-------+-------+-------+-------++-------
  Melee: Unarmed           |   118 |   115 |   254 |    17 ||   504
         Tailslap          |    13 |    12 |    51 |     4 ||    80
         Punch             |     1 |     3 |    16 |     2 ||    22
  Throw: Javelin           |       |     6 |       |       ||     6
         Boomerang         |       |     4 |       |     3 ||     7
   Cast: Mercury Vapours   |       |       |    56 |       ||    56
         Olgreb's Toxic Ra |       |       |     2 |       ||     2
 Invoke: Slouch            |       |       |     1 |     1 ||     2
    Use: Potion            |       |     3 |       |       ||     3
         Scroll            |       |     6 |       |     1 ||     7
   Stab: Sleeping          |       |       |     4 |     1 ||     5
 Armour: Skin              |    43 |    78 |   169 |    21 ||   311
  Dodge: Dodged            |    71 |    73 |   249 |    22 ||   415

Table legend: (Time is in decaauts)
 A = Elapsed time spent in this place.
 B = Non-inter-level travel time spent in this place.
 C = Inter-level travel time spent in this place.
 D = Time resting spent in this place.
 E = Time spent auto-exploring this place.
 F = Levels seen in this place.
 G = Mean time per level.
                   A        B        C        D        E       F      G
               +--------+--------+--------+--------+--------+-----+--------+
         Total |   8317 |   7994 |    323 |    534 |   6126 |   8 | 1039.6 |
       Dungeon |   8317 |   7994 |    323 |    534 |   6126 |   8 | 1039.6 |
               +--------+--------+--------+--------+--------+-----+--------+

Top non-repeatable levels by time:
     D:5: 2073 daAuts
     D:7: 1413 daAuts
     D:6: 1371 daAuts
     D:4: 1052 daAuts
     D:1: 928 daAuts
     D:3: 790 daAuts
     D:2: 683 daAuts
     D:8: 4 daAuts
